 Dungeon Crawl Stone Soup version 0.31.0-9-g3a7656b989 (webtiles) character file.

Game seed: 10604259101452250063

1718 qw the Skirmisher (level 8, -4/68 HPs)
             Began as a Demigod Hunter on Feb 2, 2024.
             Slain by a wyvern (14 damage)
             ... on level 7 of the Dungeon.
             The game lasted 00:00:23 (6529 turns).

qw the Skirmisher (Demigod Hunter)                  Turns: 6529, Time: 00:00:24

Health: -4/68      AC:  6    Str:  9 (12) XL:     8   Next: 46%
Magic:  10/10      EV: 12    Int:  9 (11) God:
Gold:   283        SH:  5    Dex: 24 (25) Spells: 7/7 levels left

rFire   . . .        n - +4 orcbow (freeze)
rCold   . . .        (shield currently unavailable)
rNeg    . . .        h - +0 ring mail
rPois   +            (no helmet)
rElec   .            (no cloak)
rCorr   .            k - +0 pair of gloves
SInv    +            (no boots)
Will    .....        a - amulet of reflection
Stlth   ++           l - ring of see invisible
HPRegen 0.31/turn    (no ring)
MPRegen 0.12/turn

%: reflection
@: no status effects
A: high MP 1, forlorn, divine attributes, mutation resistance 1, poison
resistance
a: no special abilities


You were on level 7 of the Dungeon.
You visited 1 branch of the dungeon, and saw 7 of its levels.
You also visited: Ossuary.

You collected 362 gold pieces.
You spent 79 gold pieces at shops.


Innate Abilities, Weirdness & Mutations

You have an increased reservoir of magic. (+10% MP)
You shall have no god before yourself.
Your divine heritage dramatically boosts your attributes as you level up.
You are somewhat resistant to further mutation.
Your system is resistant to poisons. (rPois)


   Skills:
 - Level 5.3 Fighting
 - Level 9.0 Ranged Weapons
 - Level 2.0 Armour
 + Level 3.1 Dodging
 - Level 0.8 Stealth


You had 7 spell levels left.
You didn't know any spells.
Your spell library was empty.

Inventory:

Hand Weapons
 n - a +4 orcbow of freezing (weapon)
Armour
 d - the +0 pair of boots of Dohidd {Harm rElec rF++ Slay-5}
   (You found it on level 5 of the Dungeon)

   Slay-5:    It affects your accuracy & damage with ranged weapons and melee
   (-5).
   rF++:      It greatly protects you from fire.
   rElec:     It insulates you from electricity.
   Harm:      It increases damage dealt and taken.
 h - a +0 ring mail (worn)
 k - a +0 pair of gloves (worn)
Jewellery
 a - an amulet of reflection (around neck)
 b - the amulet "Gesom" {Regen+ Str+2}
   (You found it on level 6 of the Dungeon)

   [amulet of regeneration]

   Str+2:     It affects your strength (+2).
   Regen+:    It increases your rate of health regeneration.
 l - a ring of see invisible (left hand)
 r - a ring of ice
Wands
 e - a wand of iceblast (4)
Scrolls
 j - 3 scrolls of teleportation
Potions
 c - a potion of might
 g - 2 potions of enlightenment
 i - 6 potions of curing
 m - a potion of mutation
 o - a potion of cancellation {unknown}
 p - a potion of haste {unknown}

Dungeon Overview and Level Annotations

Branches:
Dungeon (7/15)             Temple (0/1) D:4         Ossuary (visited)

Shops:
D:2 =   D:5 *

Annotations:
D:3 2 runed translucent doors, qw's ghost, amateur DjHu
D:4 1 runed translucent door, Crazy Yiuf


Message History

You shoot an arrow. The arrow hits the jelly.
The arrow freezes the jelly.
You kill the jelly!
You see here a staff of alchemy.
Found a club.
An orc warrior comes into view. It is wielding a +0 long sword.
You shoot an arrow. The arrow hits the orc warrior.
The arrow freezes the orc warrior.
The orc warrior is lightly wounded.
You shoot an arrow.
The arrow hits the orc warrior but does no damage.
The orc warrior is lightly wounded.
You shoot an arrow. The arrow hits the orc warrior!
The arrow freezes the orc warrior.
The orc warrior is heavily wounded.
You shoot an arrow.
The arrow barely misses the orc warrior.
You shoot an arrow. The arrow hits the orc warrior!
The arrow freezes the orc warrior!
You kill the orc warrior!
You feel your dexterity returning.
Your Fighting skill increases to level 5!
Things that are here:
a +0 long sword; a +0 chain mail A wyvern comes into view.
The wyvern hisses angrily.
The wyvern bites you!
You shoot an arrow. The arrow closely misses the wyvern.
The wyvern bites you. The wyvern misses you.
You shoot an arrow. The arrow hits the wyvern!
The arrow freezes the wyvern.
The wyvern is moderately wounded.
The wyvern bites you!
You shoot an arrow. The arrow hits the wyvern.
The arrow freezes the wyvern.
The wyvern is heavily wounded.
The wyvern barely misses you. The wyvern closely misses you.
You shoot an arrow. The arrow hits the wyvern.
The arrow freezes the wyvern.
The wyvern is heavily wounded.
The wyvern bites you! The wyvern bites you.
You shoot an arrow. The arrow completely misses the wyvern.
The wyvern bites you! x2
You die...

###|....(....
#.........##.#
##.#######.#
###.......)..#
#....#########
#.#...#
#.###)# #
##.### #...@#
#.##k# #. .#.#
.... ... .#.#.
.#.# ......
..... .#.#.#.
.# #.#
.......# ## ##


You could see a wyvern.

Vanquished Creatures
  An orc warrior (D:7)
  A black bear (D:4)
  An ogre (D:5)
  A centaur (D:6)
  A weeping skull (Ossuary)
  2 phantoms
  A bullfrog (D:6)
  6 water moccasin zombies (Ossuary)
  A howler monkey (D:5)
  2 hounds
  A jelly (D:7)
  5 orc priests
  A spectral scorpion (Ossuary)
  A gnoll bouda (D:5)
  Ijyb (D:3)
  An iguana (D:5)
  An orc wizard (D:5)
  2 crocodile zombies (Ossuary)
  2 mummies (Ossuary)
  9 gnolls
  5 adders
  2 white imps (D:5)
  4 adder zombies
  2 dart slugs
  2 ribbon worms
  11 orcs
  6 endoplasms
  4 giant cockroaches
  5 gnoll zombies (Ossuary)
  9 hobgoblins
  4 jackals (D:3)
  A quokka (D:4)
  7 ball pythons
  8 bats
  5 frilled lizards
  8 goblins
  7 jackal zombies (Ossuary)
  6 kobolds
  6 orc zombies (Ossuary)
  7 rats
150 creatures vanquished.

Notes
Turn   | Place    | Note
-------+----------+-------------------------------------------
     0 | D:1      | qw the Demigod Hunter began the quest for the Orb.
     0 | D:1      | Reached XP level 1. HP: 17/17 MP: 3/3
     0 | D:1      | 0 ||| qw: Version: 0.3-a-155-g5e7d8dd
     0 | D:1      | 0 ||| qw: Game counter: 284
     0 | D:1      | 0 ||| qw: Melee chars always use a shield: true
     0 | D:1      | 0 ||| qw: God list: Okawaru
     0 | D:1      | 0 ||| qw: Allow faded altars: false
     0 | D:1      | 0 ||| qw: Do Orc after clearing Dungeon:15 true
     0 | D:1      | 0 ||| qw: Do second Lair branch before Depths: true
     0 | D:1      | 0 ||| qw: Lair rune preference: random
     0 | D:1      | 0 ||| qw: Goals: Normal
     0 | D:1      | 0 ||| PLANNING D:1-11
   153 | D:1      | Reached skill level 4 in Ranged Weapons
   195 | D:1      | Reached XP level 2. HP: 24/24 MP: 4/4
   754 | D:1      | 754 ||| UPGRADING to +0 ring mail.
   764 | D:1      | 764 ||| DROPPING +0 leather armour.
   765 | D:1      | 765 ||| UPGRADING to +0 pair of gloves.
   770 | D:1      | 770 ||| READING scroll labelled ZEIKYB QOFIMI.
   771 | D:1      | 771 ||| READING scroll labelled TIHEF SYQECH.
   771 | D:1      | 771 ||| IDENTIFYING inky potion
   772 | D:1      | 772 ||| READING scroll labelled WETIPU FIUKO.
   773 | D:1      | 773 ||| READING scroll labelled IZEAKIRCHAA.
   777 | D:1      | 777 ||| READING scroll labelled NIRUOPR ULAN.
   778 | D:1      | 778 ||| DROPPING scroll of butterflies.
  1158 | D:2      | Reached XP level 3. HP: 25/29 MP: 5/5
  1650 | D:2      | Found Jaxte's Jewellery Shoppe.
  1659 | D:2      | 1659 ||| SHOPLISTING +6 ring of strength (360 gold, have
                  | 102).
  1659 | D:2      | 1659 ||| SHOPLISTING amulet of reflection (300 gold, have
                  | 102).
  1659 | D:2      | 1659 ||| SHOPLISTING ring "Aluz" {Will+ rCorr Str+2 Dex+6}
                  | (584 gold, have 102).
  1659 | D:2      | 1659 ||| SHOPLISTING ring of protection from fire (250
                  | gold, have 102).
  1659 | D:2      | 1659 ||| SHOPLISTING ring of see invisible (150 gold, have
                  | 102).
  1659 | D:2      | 1659 ||| READING scroll of identify.
  1659 | D:2      | 1659 ||| IDENTIFYING murky ruby potion
  1660 | D:2      | 1660 ||| READING scroll labelled KYWECA ULET.
  1660 | D:2      | 1660 ||| ENCHANTING +0 shortbow.
  1661 | D:2      | 1661 ||| READING scroll labelled WIVUVA NUKHECH.
  1662 | D:2      | 1662 ||| DROPPING potion of attraction.
  1871 | D:3      | Reached skill level 5 in Ranged Weapons
  1871 | D:3      | Reached XP level 4. HP: 13/36 MP: 6/6
  1965 | D:3      | Found a large runed translucent door.
  2103 | D:3      | Found a large runed translucent door.
  2107 | D:3      | Noticed qw's ghost (amateur DjHu)
  2245 | D:3      | Noticed Ijyb
  2247 | D:3      | 2247 ||| FLEEEEING.
  2248 | D:3      | 2248 ||| FLEEEEING.
  2249 | D:3      | 2249 ||| FLEEEEING.
  2250 | D:3      | 2250 ||| FLEEEEING.
  2252 | D:3      | 2252 ||| FLEEEEING.
  2274 | D:3      | Killed Ijyb
  2275 | D:3      | Reached skill level 1 in Armour
  2860 | D:3      | 2860 ||| UPGRADING to amulet of guardian spirit.
  3013 | D:4      | Found a staircase to the Ecumenical Temple.
  3111 | D:4      | Reached XP level 5. HP: 41/41 MP: 7/7
  3203 | D:4      | HP: 10/41 [gnoll/+0 spear (2)]
  3205 | D:4      | HP: 4/41 [gnoll/+0 spear (4)]
  3451 | D:4      | Noticed a black bear
  3453 | D:4      | 3453 ||| ZAPPING wand of iceblast (3) at -5,0 (black bear;
                  | floor).
  3454 | D:4      | 3454 ||| ZAPPING wand of iceblast (2) at -4,0 (black bear;
                  | floor).
  3454 | D:4      | Killed a black bear
  3455 | D:4      | Reached skill level 6 in Ranged Weapons
  3464 | D:4      | Reached XP level 6. HP: 48/48 MP: 8/8
  3533 | D:4      | 3533 ||| READING scroll of enchant weapon.
  3533 | D:4      | 3533 ||| ENCHANTING +1 shortbow.
  3565 | D:4      | Found a runed translucent door.
  3566 | D:4      | Noticed Crazy Yiuf
  3876 | D:4      | 3876 ||| UPGRADING to ring of see invisible.
  3877 | D:4      | 3877 ||| READING 3 scrolls labelled GUREUL OSUNIN.
  3942 | D:4      | 3942 ||| DRINKING 2 glowing coppery potions.
  3943 | D:4      | 3943 ||| DRINKING 4 orange potions.
  3944 | D:4      | 3944 ||| DROPPING potion of magic.
  3945 | D:4      | 3945 ||| DROPPING 2 scrolls of torment.
  4000 | D:5      | Entered Level 5 of the Dungeon
  4001 | D:5      | 4001 ||| PLANNING OSSUARY
  4107 | D:5      | Identified the +0 pair of boots of Dohidd {Harm rElec rF++
                  | Slay-5}
  4124 | D:5      | Reached skill level 3 in Fighting
  4335 | D:5      | Reached skill level 3 in Dodging
  4496 | D:5      | Found a sand-covered staircase.
  4500 | Ossuary  | Entered an ossuary
  4529 | Ossuary  | Reached XP level 7. HP: 53/57 MP: 6/9
  4669 | Ossuary  | Reached skill level 7 in Ranged Weapons
  4829 | Ossuary  | Reached skill level 8 in Ranged Weapons
  5038 | Ossuary  | 5038 ||| READING scroll labelled DIDENE FETI.
  5038 | Ossuary  | Identified a scroll of acquirement
  5038 | Ossuary  | 5038 ||| ACQUIRING +4 orcbow of freezing
  5038 | Ossuary  | Acquired a +4 orcbow of freezing
  5040 | Ossuary  | 5040 ||| SWAPPING to +4 orcbow of freezing.
  5041 | Ossuary  | 5041 ||| DROPPING +2 shortbow.
  5042 | Ossuary  | 5042 ||| READING scroll labelled FAZENUACAN.
  5043 | Ossuary  | 5043 ||| READING scroll labelled YKLYOXAE QEGGI.
  5144 | Ossuary  | 5144 ||| DRINKING 2 ruby potions.
  5144 | Ossuary  | Gained mutation: You are somewhat resistant to further
                  | mutation. [potion of mutation]
  5144 | Ossuary  | Gained mutation: Your system is resistant to poisons.
                  | (rPois) [potion of mutation]
  5145 | Ossuary  | 5145 ||| DRINKING 2 coppery potions.
  5146 | Ossuary  | 5146 ||| DRINKING 6 potions of curing.
  5146 | Ossuary  | 5146 ||| (to cure confusion)
  5147 | Ossuary  | 5147 ||| DROPPING potion of ambrosia.
  5156 | D:5      | 5156 ||| PLANNING D:1-11
  5355 | D:5      | Found Puiluss's Mayhem Merchandise.
  5367 | D:5      | 5367 ||| BUYING wand of iceblast (3) (79 gold).
  5367 | D:5      | Bought a wand of iceblast (3) for 79 gold pieces
  5367 | D:5      | 5367 ||| SHOPLISTING wand of iceblast (6) (158 gold, have
                  | 129).
  5449 | D:5      | Reached XP level 8. HP: 66/66 MP: 10/10
  5660 | D:5      | 5660 ||| UPGRADING to amulet of reflection.
  5670 | D:5      | 5670 ||| DROPPING amulet of guardian spirit.
  5671 | D:5      | 5671 ||| READING scroll of identify.
  5671 | D:5      | 5671 ||| IDENTIFYING sapphire potion
  5672 | D:5      | 5672 ||| READING scroll labelled ISTREN IFAM MEOL.
  5773 | D:5      | 5773 ||| DRINKING 3 emerald potions.
  5774 | D:5      | 5774 ||| DROPPING 2 potions of degeneration.
  5775 | D:5      | 5775 ||| DROPPING potion of invisibility.
  6025 | D:6      | Identified the amulet "Gesom" {Regen+ Str+2}
  6133 | D:6      | Reached skill level 9 in Ranged Weapons
  6478 | D:6      | 6478 ||| READING scroll of identify.
  6478 | D:6      | 6478 ||| IDENTIFYING viscous clear potion
  6529 | D:7      | HP: 10/68 [wyvern (14)]
  6529 | D:7      | Slain by a wyvern

Levels and vault maps discovered:
D:1:      dpeg_arrival_rooms_c, layout_basic, serial_corexii_hall,
          corexii_hall_statues_s, corexii_hall_statues_l
D:2:      layout_loops_corners, serial_shops, nicolae_lakefront_shop
D:3:      layout_basic, ebering_ghost_disaster_area, serial_corexii_hall,
          corexii_hall_statues_t, chequers_hall_statues_y,
          chequers_hall_statues_wall_a, uniq_ijyb
D:4:      wander_river, layout_cave_pools, mainiacjoe_overflow_swirl,
          lemuel_zombie_altar_yredelemnul, minmay_temple_entry_junction,
          minmay_tree_intersection, hex_medium, uniq_crazy_yiuf_cottage
D:5:      layout_basic, enter_ossuary_5, minmay_shop_mayhem, minivault_26
D:6:      layout_basic, nicolae_sif_muna_condensation,
          mainiacjoe_overflow_tiny_flanked
D:7:      layout_basic, st_stairs_13, hex_intersection

Skill      XL: |  1  2  3  4  5  6  7  8 |
---------------+-------------------------+-----
Ranged Weapons | 4 5 6 8 9 |  9.0
Fighting       | 2 3 4 5 |  5.3
Armour         | 1 2 |  2.0
Dodging        | 2 3 |  3.1
Stealth        | |  0.8

Action                     |  1- 3 |  4- 6 |  7- 9 || total
---------------------------+-------+-------+-------++-------
   Fire: Shortbow          |   119 |   191 |   132 ||   442
         Orcbow            |       |       |    78 ||    78
  Evoke: Wand              |       |     2 |       ||     2
    Use: Scroll            |     8 |     2 |     6 ||    16
         Potion            |       |     2 |     4 ||     6
 Armour: Leather armour    |    14 |       |       ||    14
         Ring mail         |    14 |   110 |    87 ||   211
  Dodge: Dodged            |    22 |    83 |    79 ||   184
  Block: Other             |       |       |     1 ||     1
         Reflection        |       |       |     1 ||     1

Table legend:
 A = Non-vault XP
 B = Vault XP
 C = Vault XP percentage of total XP
 D = Non-vault monster count
 E = Vault monster count
 F = Vault count percentage of total count
                 A         B        C        D         E       F
            +---------+---------+-------+---------+---------+-------
      Total |    1530 |     925 |  37.7 |     114 |      36 |  24.0
            +---------+---------+-------+---------+---------+-------
        D:1 |      34 |       0 |   0.0 |      22 |       0 |   0.0
        D:2 |      30 |       0 |   0.0 |      15 |       0 |   0.0
        D:3 |     104 |      36 |  25.7 |      26 |       1 |   3.7
        D:4 |     246 |      11 |   4.3 |      22 |       2 |   8.3
        D:5 |     627 |       0 |   0.0 |      19 |       0 |   0.0
        D:6 |     446 |       0 |   0.0 |       9 |       0 |   0.0
        D:7 |      43 |     133 |  75.6 |       1 |       1 |  50.0
    Ossuary |       0 |     745 | 100.0 |       0 |      32 | 100.0
            +---------+---------+-------+---------+---------+-------
